[Event "Titled Tuesday Blitz February 28 Early 2023"]
[White "Coelho, Ramyres Santana"]
[Black "Kalaiyalahan, Akshaya"]
[WhiteFideId "2120690"]
[BlackFideId "422894"]
[WhiteElo "1888"]
[BlackElo "2043"]
[Result "1-0"]
[Round "05"]
[TimeControl "180+2"]
[Date "2023.02.28"]
[WhiteClock "0:02:00"]
[BlackClock "0:00:44"]

1. e4 d5 2. exd5 Qxd5 3. Nc3 Qa5 4. b4 Qxb4 5. Rb1 Qd6 6. Nf3 c6 7. Bc4 e6 8. O-O Nf6 9. d4 Be7 10. g3 O-O 11. Bf4 Qd8 12. h4 Nbd7 13. Re1 Nb6 14. Bd3 g6 15. Bh6 Re8 16. Ne5 Nbd5 17. Nxd5 Nxd5 18. h5 Bg5 19. hxg6 hxg6 20. Bxg5 Qxg5 21. Qf3 f5 22. Kg2 Kg7 23. Rh1 Rf8 24. Rh4 f4 25. Rg4 1-0


[Site "https://www.chess.com"]

[Event "Titled Tuesday Blitz February 28 Early 2023"]
[White "Estrada Nieto, Julian"]
[Black "Necula, Iulian"]
[WhiteFideId "5101018"]
[BlackFideId "1232380"]
[WhiteElo "2176"]
[BlackElo "1790"]
[Result "1-0"]
[Round "05"]
[TimeControl "180+2"]
[Date "2023.02.28"]
[WhiteClock "0:02:04"]
[BlackClock "0:01:37"]

1. e4 c5 2. Nf3 d6 3. d4 cxd4 4. Qxd4 Nc6 5. Bb5 Qa5+ 6. Nc3 Qxb5 7. Nxb5 Nxd4 8. Nfxd4 e5 9. Ne2 Kd8 10. Be3 b6 11. O-O-O Kd7 12. Ng3 g6 13. Rd2 a6 14. Nxd6 Bxd6 15. Rhd1 b5 16. Rxd6+ Ke7 17. Bc5 1-0


[Site "https://www.chess.com"]

[Event "Titled Tuesday Blitz February 28 Early 2023"]
[White "Gatterer, Florian"]
[Black "Jesusesmifuerza"]
[WhiteFideId "811688"]
[WhiteElo "2221"]
[BlackElo "2009"]
[Result "1/2-1/2"]
[Round "05"]
[TimeControl "180+2"]
[Date "2023.02.28"]
[WhiteClock "0:01:41"]
[BlackClock "0:01:49"]

1. d4 d5 2. Bf4 e6 3. e3 Bd6 4. Nd2 Bxf4 5. exf4 c5 6. dxc5 Qc7 7. Qg4 Ne7 8. Nb3 O-O 9. Bd3 e5 10. Qh4 e4 11. Be2 Ng6 12. Qg3 Qxf4 13. Qxf4 Nxf4 14. Bf1 Be6 15. O-O-O Nd7 16. g3 Ng6 17. f3 Rac8 18. fxe4 dxe4 1/2-1/2


[Site "https://www.chess.com"]

[Event "Titled Tuesday Blitz February 28 Early 2023"]
[White "Castillo Pena, Patricia Evarista"]
[Black "Todorovic, Bojan"]
[WhiteFideId "6412106"]
[BlackFideId "917087"]
[WhiteElo "1919"]
[BlackElo "2266"]
[Result "0-1"]
[Round "05"]
[TimeControl "180+2"]
[Date "2023.02.28"]
[WhiteClock "0:00:41"]
[BlackClock "0:00:12"]

1. d4 Nf6 2. Nf3 g6 3. Nc3 Bg7 4. e4 d6 5. Be3 c6 6. a4 a5 7. Qd2 Na6 8. Be2 Nb4 9. O-O Ng4 10. Bg5 h6 11. Bh4 g5 12. Bg3 f5 13. exf5 Bxf5 14. h3 Nf6 15. Rac1 O-O 16. Rfe1 Qd7 17. Bc4+ Nbd5 18. Qe2 Rae8 19. Bd3 Nh5 20. Bxf5 Qxf5 21. Qe6+ Qxe6 22. Rxe6 Nxg3 23. fxg3 Rf5 24. Rce1 Kf7 25. Nxd5 cxd5 26. c3 Rf6 27. Rxf6+ Bxf6 28. Nh2 Rb8 29. Ng4 Bg7 30. Ne3 e6 31. Rf1+ Kg6 32. g4 b5 33. axb5 Rxb5 34. Rf2 a4 35. Nd1 e5 36. dxe5 dxe5 37. Rd2 e4 38. Kf2 Kf7 39. Ke3 Ke6 40. Rf2 Rb3 41. Rf5 a3 42. bxa3 Bxc3 43. Nxc3 Rxc3+ 44. Ke2 Rxa3 45. Rf8 d4 46. Re8+ Kd5 47. Rd8+ Ke5 48. Re8+ Kf4 49. g3+ Kxg3 50. Rxe4 Re3+ 51. Rxe3+ dxe3 52. Kxe3 Kxh3 0-1


[Site "https://www.chess.com"]

[Event "Titled Tuesday Blitz February 28 Early 2023"]
[White "Ansh M Shah"]
[Black "Nan, M K Khine Hlyan"]
[WhiteFideId "25033379"]
[BlackFideId "13002899"]
[WhiteElo "2084"]
[BlackElo "1943"]
[Result "1-0"]
[Round "05"]
[TimeControl "180+2"]
[Date "2023.02.28"]
[WhiteClock "0:01:17"]
[BlackClock "0:01:49"]

1. d4 d6 2. c4 g6 3. h4 Bg7 4. h5 c6 5. Nc3 Be6 6. e4 Nd7 7. d5 cxd5 8. cxd5 Bxc3+ 9. bxc3 Qa5 10. dxe6 Qxc3+ 11. Bd2 Qe5 12. exd7+ Kxd7 13. hxg6 fxg6 14. Qa4+ Kd8 15. Qa5+ Qxa5 16. Bxa5+ b6 17. Bc3 e5 18. Ba6 Nf6 19. f3 Ke7 20. Ne2 d5 21. Bxe5 dxe4 22. Bxf6+ Kxf6 23. fxe4 Rhe8 24. O-O+ Kg7 25. Rac1 Rxe4 26. Bb7 Rxe2 27. Bxa8 Rxa2 28. Bd5 Rd2 29. Bf3 a5 30. Rfd1 Rxg2+ 31. Kxg2 1-0


[Site "https://www.chess.com"]

[Event "Titled Tuesday Blitz February 28 Early 2023"]
[White "Da Silva Borges, Rodrigo"]
[Black "Castellanos Villela, Alejandro"]
[WhiteFideId "2115778"]
[BlackFideId "3446379"]
[WhiteElo "2099"]
[BlackElo "2102"]
[Result "0-1"]
[Round "05"]
[TimeControl "180+2"]
[Date "2023.02.28"]
[WhiteClock "0:00:34"]
[BlackClock "0:00:19"]

1. e4 c5 2. Nf3 d6 3. d4 cxd4 4. Nxd4 Nf6 5. Nc3 a6 6. Be3 e5 7. Nb3 Be6 8. Qd2 Nbd7 9. O-O-O Rc8 10. f4 b5 11. f5 Bc4 12. g4 Nxg4 13. Rg1 Nxe3 14. Qxe3 Nf6 15. Nd2 Bxf1 16. Nxf1 g6 17. Qf3 Be7 18. Ne3 Rxc3 19. bxc3 Qa5 20. Kb2 b4 21. Nd5 Qa3+ 22. Ka1 Nxd5 23. Rxd5 bxc3 24. Rb1 O-O 25. f6 Bd8 26. Qd3 Bxf6 27. Rxd6 Bg5 28. Rxa6 Qc5 29. Qd5 Qf2 30. Qxe5 Be3 31. Ra4 Qxc2 32. Rc4 Bd2 33. h4 h5 34. Rc6 Kh7 35. Qe7 Kg7 36. Qf6+ Kh7 37. Rc7 Kg8 38. e5 Bc1 39. e6 Bb2+ 40. Rxb2 Qxb2# 0-1


[Site "https://www.chess.com"]

[Event "Titled Tuesday Blitz February 28 Early 2023"]
[White "Fawzy, Adham"]
[Black "Kohler, Aran"]
[WhiteFideId "10613129"]
[BlackFideId "1002856"]
[WhiteElo "2543"]
[BlackElo "2251"]
[Result "1-0"]
[Round "05"]
[TimeControl "180+2"]
[Date "2023.02.28"]
[WhiteClock "0:00:08"]
[BlackClock "0:00:12"]

1. e4 c6 2. d4 d5 3. e5 c5 4. c3 Nc6 5. Be2 Bf5 6. Nf3 e6 7. O-O Qb6 8. dxc5 Bxc5 9. b4 Bf8 10. Be3 Qc7 11. b5 Na5 12. Qa4 b6 13. c4 dxc4 14. Rc1 Bc5 15. Bxc5 Qxc5 16. Bxc4 Rc8 17. Nbd2 Ne7 18. Qd1 Qa3 19. Nd4 O-O 20. Qe2 Bg6 21. N4b3 Nd5 22. Bxd5 exd5 23. Qd1 Rxc1 24. Qxc1 Qxc1+ 25. Rxc1 Bd3 26. Nxa5 bxa5 27. a4 Bc4 28. Nxc4 Rc8 29. Kf1 dxc4 30. Ke2 Kf8 31. Kd2 Ke7 32. Kc3 Ke6 33. Rd1 g5 34. Rd6+ Kxe5 35. Rd7 Ke6 36. Rxa7 h5 37. Rxa5 Kd5 38. b6+ Kc6 39. Rxg5 Kxb6 40. Rxh5 Ra8 41. a5+ Kc6 42. Kxc4 Kd6 43. Rf5 Ke6 44. Rb5 f6 45. Kc5 Rc8+ 46. Kb6 Rb8+ 47. Ka6 Ra8+ 48. Kb7 Rd8 49. a6 Rd7+ 50. Kc8 Ra7 51. Rb6+ Kf5 52. Kb8 1-0


[Site "https://www.chess.com"]

[Event "Titled Tuesday Blitz February 28 Early 2023"]
[White "Slade, Theodore"]
[Black "Rosh Jain"]
[WhiteFideId "426547"]
[BlackFideId "25789465"]
[WhiteElo "1964"]
[BlackElo "2233"]
[Result "1-0"]
[Round "05"]
[TimeControl "180+2"]
[Date "2023.02.28"]
[WhiteClock "0:00:06"]
[BlackClock "0:00:04"]

1. d4 Nf6 2. c4 e6 3. g3 d5 4. Bg2 dxc4 5. Nf3 Nc6 6. O-O Rb8 7. e3 Be7 8. Nfd2 O-O 9. Nxc4 Nd5 10. Nc3 Nxc3 11. bxc3 Bf6 12. Ba3 Re8 13. Rb1 Bd7 14. e4 b5 15. Ne3 e5 16. d5 Na5 17. Qe2 a6 18. Rfd1 Qc8 19. h4 Nb7 20. h5 h6 21. Bf3 Nd6 22. Ng4 Bg5 23. Bc1 Bxc1 24. Rbxc1 Nc4 25. Ne3 Nd6 26. Kg2 Qb7 27. Bg4 Rbd8 28. Bxd7 Rxd7 29. Qg4 Red8 30. Rb1 Qc8 31. a4 bxa4 32. Ra1 Nb5 33. Nf5 f6 34. Rd3 Kh8 35. c4 Nd6 36. Nxd6 cxd6 37. Rxa4 Qc5 38. Rda3 Rb7 39. Qe2 Rdb8 40. Ra2 Rb4 41. Rxa6 Qxc4 42. Qxc4 Rxc4 43. f3 Rd8 44. Rc6 Rxc6 45. dxc6 Rc8 46. Rc2 Kg8 47. Kf2 Kf7 48. Ke3 Ke6 49. g4 d5 50. exd5+ Kxd5 51. c7 Kd6 52. Ke4 Ke6 53. Rc1 f5+ 54. gxf5+ Kd6 55. Rc2 Kd7 56. Kxe5 Re8+ 57. Kf4 Kc8 58. Rg2 Re7 59. f6 gxf6 60. Kf5 Kxc7 61. Kxf6 Re3 62. f4 Rh3 63. Kg6 Kd7 64. Kxh6 Ke7 65. Kg5 Kf7 66. h6 Ra3 67. Rb2 Ra5+ 68. f5 Kg8 69. Rb7 Rc5 70. Kg6 Rc6+ 71. f6 Rc8 72. Rg7+ Kh8 73. Rh7+ Kg8 74. f7+ Kf8 75. Rh8+ Ke7 76. Rxc8 Kd7 77. f8=Q Ke6 78. Re8+ Kd5 79. Qe7 Kc4 80. Qd6 Kb3 81. Rc8 Kb2 82. Qb6+ Ka2 83. Ra8# 1-0


[Site "https://www.chess.com"]

[Event "Titled Tuesday Blitz February 28 Early 2023"]
[White "Korpics, Zsolt"]
[Black "lisjakzlatko1"]
[WhiteFideId "705241"]
[WhiteElo "2318"]
[BlackElo "2160"]
[Result "1-0"]
[Round "05"]
[TimeControl "180+2"]
[Date "2023.02.28"]
[WhiteClock "0:00:12"]
[BlackClock "0:00:02"]

1. e4 d6 2. d4 Nf6 3. Nc3 c6 4. Nf3 Qa5 5. Bd3 e5 6. O-O Be7 7. h3 O-O 8. Ne2 Nbd7 9. g4 d5 10. Bd2 Qc7 11. Nxe5 Nxe5 12. dxe5 Nxe4 13. Bf4 Be6 14. Ng3 Bg5 15. Bxg5 Nxg5 16. Kh2 h5 17. f4 h4 18. Nf5 Ne4 19. Bxe4 dxe4 20. Nd6 Bd5 21. c4 Be6 22. Qe2 f6 23. Qxe4 fxe5 24. fxe5 Qb6 25. b3 Rf2+ 26. Kh1 Raf8 27. Nf5 Bxf5 28. gxf5 Rd2 29. f6 1-0


[Site "https://www.chess.com"]

[Event "Titled Tuesday Blitz February 28 Early 2023"]
[White "Antonio, Jorge Carlos"]
[Black "Michalski, Olaf"]
[WhiteFideId "113190"]
[BlackFideId "1106740"]
[WhiteElo "2247"]
[BlackElo "2173"]
[Result "1-0"]
[Round "05"]
[TimeControl "180+2"]
[Date "2023.02.28"]
[WhiteClock "0:01:15"]
[BlackClock "0:00:03"]

1. d4 d6 2. Nf3 Bg4 3. c4 Bxf3 4. gxf3 Nd7 5. h4 e5 6. d5 Be7 7. e4 Bxh4 8. Be3 Bf6 9. Nc3 Ne7 10. Qa4 Kf8 11. Bh3 Nc5 12. Bxc5 dxc5 13. b4 Qd6 14. Nb5 Qb6 15. bxc5 Qxc5 16. Qa3 Qxa3 17. Nxa3 c5 18. Rb1 b6 19. Nb5 g6 20. a4 Kg7 21. O-O Nc8 22. Nc7 Rb8 23. Bxc8 Rhxc8 24. Nb5 a6 25. Na7 Rc7 26. Nc6 Rbb7 27. Rb2 b5 28. cxb5 axb5 29. axb5 Bg5 30. Ra1 f5 31. b6 Rd7 32. Nxe5 fxe4 33. Nxd7 Rxd7 34. fxe4 1-0


[Site "https://www.chess.com"]

[Event "Titled Tuesday Blitz February 28 Early 2023"]
[White "Tsyhanchuk, Stanislav"]
[Black "Larina, Maria"]
[WhiteFideId "13505130"]
[BlackFideId "24113182"]
[WhiteElo "2173"]
[BlackElo "1848"]
[Result "1-0"]
[Round "05"]
[TimeControl "180+2"]
[Date "2023.02.28"]
[WhiteClock "0:01:00"]
[BlackClock "0:00:08"]

1. c4 f5 2. Nc3 Nf6 3. g3 g6 4. Bg2 Bg7 5. e3 O-O 6. Nge2 e5 7. d4 e4 8. O-O d6 9. Nf4 Nc6 10. Rb1 a5 11. a3 Qe8 12. b4 axb4 13. axb4 Qf7 14. Qb3 g5 15. Nfd5 h5 16. b5 Na5 17. Qb4 b6 18. Nxf6+ Bxf6 19. Nd5 Bg7 20. f3 exf3 21. Bxf3 Bb7 22. Bd2 Rae8 23. Qa4 Ra8 24. Qc2 Kh8 25. Bg2 Qd7 26. Rf2 Bxd5 27. Bxd5 Rae8 28. Rbf1 Re7 29. Rxf5 Rxf5 30. Rxf5 Bh6 31. Rf6 Kg7 32. Qg6+ 1-0


[Site "https://www.chess.com"]

[Event "Titled Tuesday Blitz February 28 Early 2023"]
[White "Caspi, Israel"]
[Black "Mendez Machado, Andre"]
[WhiteFideId "2807394"]
[BlackFideId "6603793"]
[WhiteElo "2419"]
[BlackElo "1989"]
[Result "1-0"]
[Round "05"]
[TimeControl "180+2"]
[Date "2023.02.28"]
[WhiteClock "0:01:13"]
[BlackClock "0:00:09"]

1. e4 e5 2. Nf3 Nc6 3. Bc4 Bc5 4. d3 Nf6 5. c3 d6 6. O-O a6 7. a4 Ba7 8. Nbd2 O-O 9. h3 Kh8 10. Re1 Ng8 11. b4 f5 12. b5 axb5 13. axb5 Bxf2+ 14. Kxf2 Rxa1 15. bxc6 fxe4 16. cxb7 Bxb7 17. dxe4 d5 18. exd5 Bxd5 19. Bxd5 Qxd5 20. Ne4 Qa2+ 21. Qe2 Qa8 22. Kg1 Nf6 23. Nxf6 gxf6 24. Bh6 Ra2 25. Qf1 Rg8 26. Ng5 Rxg2+ 27. Qxg2 Qxg2+ 28. Kxg2 fxg5 29. Rxe5 Rg6 30. Bf8 1-0


[Site "https://www.chess.com"]

[Event "Titled Tuesday Blitz February 28 Early 2023"]
[White "Cella, Glaucio Dalla Cortt"]
[Black "Tagliati, Eleonore"]
[WhiteFideId "2119455"]
[BlackFideId "45172234"]
[WhiteElo "2011"]
[BlackElo "2226"]
[Result "1-0"]
[Round "05"]
[TimeControl "180+2"]
[Date "2023.02.28"]
[WhiteClock "0:01:44"]
[BlackClock "0:02:25"]

1. e4 c5 2. Nf3 Nc6 3. c3 Nf6 4. e5 Nd5 5. d4 cxd4 6. cxd4 d6 7. Nc3 Nxc3 8. bxc3 dxe5 9. dxe5 Qxd1+ 10. Kxd1 Bg4 11. Kc2 Bxf3 12. gxf3 Nxe5 13. Bb5+ Nc6 14. Rb1 e6 15. Rg1 g6 16. Be3 Bg7 17. Bxc6+ bxc6 18. Rb7 a5 19. Bc5 Bf6 20. Rgb1 Rd8 21. Ra7 Be5 22. Rbb7 1-0


[Site "https://www.chess.com"]

[Event "Titled Tuesday Blitz February 28 Early 2023"]
[White "Grave, Jacob Templen"]
[Black "Simonovic, Miroslav"]
[WhiteFideId "1542656"]
[BlackFideId "919152"]
[WhiteElo "2191"]
[BlackElo "2057"]
[Result "1-0"]
[Round "05"]
[TimeControl "180+2"]
[Date "2023.02.28"]
[WhiteClock "0:00:09"]
[BlackClock "0:00:25"]

1. c4 c5 2. Nf3 Nc6 3. d4 cxd4 4. Nxd4 g6 5. e4 Bg7 6. Be3 d6 7. Nc3 Nf6 8. Be2 O-O 9. O-O Bd7 10. Nc2 Rc8 11. Qd2 a6 12. Rac1 Qc7 13. b3 Rfd8 14. h3 b6 15. Nd5 Nxd5 16. cxd5 Nb8 17. Nd4 Qb7 18. f4 e6 19. dxe6 Bxe6 20. Bf3 Rxc1 21. Rxc1 Rc8 22. Rxc8+ Bxc8 23. Qb4 Qc7 24. Kh1 Nd7 25. Qd2 Bb7 26. Ne2 h5 27. Bd4 Bxd4 28. Qxd4 Qc5 29. Qd3 Nf6 30. Nc3 Kg7 31. e5 dxe5 32. fxe5 Qxe5 33. Bxb7 Qe1+ 34. Kh2 Qe5+ 35. Qg3 Qe7 36. Qf3 Nh7 37. Nd5 Qd7 38. Ba8 Ng5 39. Qc3+ Kh7 40. Nf6+ Kh6 41. Nxd7 Nh7 42. Qe5 h4 43. Qe3+ g5 44. Qe5 Kg6 45. Qd6+ Kh5 46. Ne5 f6 47. Nf7 Kg6 48. Qe6 Nf8 49. Be4+ Kg7 50. Qe7 Ng6 51. Bxg6 Kxg6 52. Nh8+ Kh6 53. Qd7 g4 54. Qc7 Kg5 55. hxg4 h3 56. Qxb6 f5 57. gxh3 fxg4 58. hxg4 Kh4 59. Qxa6 Kxg4 60. Qc4+ Kf3 61. b4 Ke3 62. b5 Kd2 63. b6 Ke1 64. b7 Kf2 65. b8=Q Ke3 66. Qe5+ Kd2 67. Qee2# 1-0


[Site "https://www.chess.com"]

[Event "Titled Tuesday Blitz February 28 Early 2023"]
[White "EdmundPlayer"]
[Black "mohsengabr2002"]
[WhiteElo "2198"]
[BlackElo "2408"]
[Result "0-1"]
[Round "05"]
[TimeControl "180+2"]
[Date "2023.02.28"]
[WhiteClock "0:00:02"]
[BlackClock "0:00:42"]

1. e4 c5 2. Nf3 d6 3. d4 cxd4 4. Nxd4 a6 5. h3 e5 6. Ne2 Nc6 7. Nbc3 Be6 8. Nd5 Nge7 9. Nec3 Nc8 10. Be3 Be7 11. Nxe7 N6xe7 12. f4 exf4 13. Bxf4 O-O 14. Bd3 d5 15. exd5 Nxd5 16. Nxd5 Bxd5 17. O-O Qb6+ 18. Kh1 Qxb2 19. Bxh7+ Kxh7 20. Qxd5 Ne7 21. Qh5+ Kg8 22. Bd6 g6 23. Qg5 Nf5 24. Bxf8 Rxf8 25. Rae1 Qxc2 26. Rf3 Nd6 27. Rf4 Qxa2 28. Qf6 Qd2 29. Ref1 Ne8 30. Qg5 Ng7 31. Qe5 Ne6 32. Rf6 Qd3 33. R1f2 Ng7 34. R6f4 Re8 35. Qc7 Nf5 0-1


[Site "https://www.chess.com"]

[Event "Titled Tuesday Blitz February 28 Early 2023"]
[White "Shubenkova, Veronika"]
[Black "Curtis, John"]
[WhiteFideId "44124040"]
[BlackFideId "3200256"]
[WhiteElo "2027"]
[BlackElo "2203"]
[Result "1/2-1/2"]
[Round "05"]
[TimeControl "180+2"]
[Date "2023.02.28"]
[WhiteClock "0:01:01"]
[BlackClock "0:00:58"]

1. e4 c5 2. Nc3 d6 3. g3 e5 4. Bg2 Ne7 5. d3 g6 6. f4 Bg7 7. Nf3 Nbc6 8. O-O O-O 9. Rb1 Rb8 10. Be3 Bg4 11. Ne2 exf4 12. Nxf4 Ne5 13. h3 Bxf3 14. Bxf3 Nxf3+ 15. Qxf3 b6 16. c3 Qd7 17. Qg2 f5 18. exf5 Rxf5 19. Rbe1 Rbf8 20. Bd2 Be5 21. h4 Bxf4 22. Bxf4 Nd5 23. Bh6 Rxf1+ 24. Rxf1 Rxf1+ 25. Qxf1 Qf5 26. Qe2 Qe5 27. Qg2 Kf7 28. c4 Nf6 29. Bf4 Qe1+ 30. Qf1 Qxf1+ 31. Kxf1 Ke6 32. Ke2 d5 33. Bb8 a6 34. Bc7 Nd7 35. Ke3 dxc4 36. dxc4 Ne5 37. b3 b5 38. Bxe5 Kxe5 39. cxb5 axb5 40. Kd3 b4 41. g4 h5 42. gxh5 gxh5 43. Ke3 Kd5 44. Kf4 c4 45. Ke3 cxb3 46. axb3 Ke5 47. Kd3 Kf4 48. Kc4 Kg4 49. Kxb4 Kxh4 50. Ka5 Kg4 51. b4 h4 52. b5 h3 53. b6 h2 54. b7 h1=Q 55. b8=Q Qa1+ 56. Kb6 Qb2+ 57. Kc7 Qxb8+ 58. Kxb8 1/2-1/2


[Site "https://www.chess.com"]

[Event "Titled Tuesday Blitz February 28 Early 2023"]
[White "Fernandez Hernandez, Gerardo"]
[Black "Valle Maytin, Luis Enrique"]
[WhiteFideId "2207400"]
[BlackFideId "3503666"]
[WhiteElo "2189"]
[BlackElo "2225"]
[Result "0-1"]
[Round "05"]
[TimeControl "180+2"]
[Date "2023.02.28"]
[WhiteClock "0:00:02"]
[BlackClock "0:00:36"]

1. e4 c6 2. d4 d5 3. exd5 cxd5 4. c4 Nf6 5. Nc3 Nc6 6. Bf4 Be6 7. c5 g6 8. Nf3 Bg7 9. Bb5 O-O 10. Bxc6 bxc6 11. Ne5 Qc8 12. Qa4 Bd7 13. O-O Nh5 14. Be3 Bxe5 15. dxe5 Ng7 16. Bh6 Qc7 17. f4 Bf5 18. Rfd1 Rfb8 19. b4 a5 20. b5 cxb5 21. Nxd5 Qxc5+ 22. Qd4 Qxd4+ 23. Rxd4 Ra7 24. Bg5 Kf8 25. Rad1 Ne6 26. Bh6+ Ke8 27. R4d2 Bg4 28. Rc1 Rd7 29. Rd3 Bf5 30. Rdd1 Be4 31. Ne3 Rxd1+ 32. Nxd1 Bd5 33. Nc3 Bc4 34. a3 Nd4 35. Rb1 f6 36. exf6 exf6 37. f5 Nxf5 38. Re1+ Kf7 39. Bf4 Rb7 40. g4 Nd4 41. Be3 Nf3+ 42. Kf2 Nxe1 43. Kxe1 b4 44. axb4 axb4 45. Na4 b3 46. Bd4 Be6 47. Bb2 Rb4 48. Nc5 Rxg4 49. Kd2 Rg2+ 50. Kc3 Rc2+ 51. Kb4 Rxb2 0-1


[Site "https://www.chess.com"]

[Event "Titled Tuesday Blitz February 28 Early 2023"]
[White "Kornyukov, Alexey"]
[Black "Tarnowska, Aleksandra"]
[WhiteFideId "4150457"]
[BlackFideId "1180967"]
[WhiteElo "2352"]
[BlackElo "1776"]
[Result "1-0"]
[Round "05"]
[TimeControl "180+2"]
[Date "2023.02.28"]
[WhiteClock "0:00:22"]
[BlackClock "0:00:01"]

1. e4 c5 2. Nf3 e6 3. c3 d5 4. exd5 Qxd5 5. d4 Nf6 6. Be2 Be7 7. O-O O-O 8. Be3 cxd4 9. cxd4 Bd7 10. Nc3 Qd6 11. Qb3 Bc6 12. Rac1 Nbd7 13. h3 Nb6 14. Rfd1 Nbd5 15. Nxd5 Nxd5 16. Qc2 Nxe3 17. fxe3 Rac8 18. Qd2 Qg3 19. Qe1 Qg6 20. Qf2 Be4 21. Rxc8 Rxc8 22. Ne5 Qf6 23. Qxf6 Bxf6 24. Bf3 Bxf3 25. Nxf3 Rc2 26. Rd2 Rc1+ 27. Kf2 Kf8 28. e4 Bd8 29. d5 Bb6+ 30. Kg3 exd5 31. exd5 f6 32. d6 Rc8 33. d7 Rd8 34. Nh4 Bc7+ 35. Kf2 g6 36. Nf3 Ke7 37. Re2+ Kxd7 38. Rd2+ Ke7 39. Rxd8 Bxd8 40. Ke2 Bb6 41. Kd3 Kd6 42. Kc4 Bf2 43. b4 a6 44. a4 h5 45. h4 Be3 46. Kd3 Bc1 47. Ke4 b5 48. axb5 axb5 49. Nd4 Bd2 50. Nxb5+ Ke7 51. Nd4 f5+ 52. Kf3 1-0


[Site "https://www.chess.com"]

[Event "Titled Tuesday Blitz February 28 Early 2023"]
[White "Seifert, Henryk"]
[Black "Dilmukhametov, Artur"]
[WhiteFideId "1100963"]
[BlackFideId "24179922"]
[WhiteElo "2071"]
[BlackElo "2199"]
[Result "1-0"]
[Round "05"]
[TimeControl "180+2"]
[Date "2023.02.28"]
[WhiteClock "0:00:44"]
[BlackClock "0:01:18"]

1. e4 e5 2. Nf3 d5 3. d4 dxe4 4. Nxe5 Bd6 5. Nc4 Nc6 6. c3 Be6 7. Nbd2 Nf6 8. Nxd6+ Qxd6 9. Nc4 Bxc4 10. Bxc4 O-O-O 11. Be3 Ng4 12. Qxg4+ Kb8 13. Bxf7 Rdf8 14. Bb3 Ne7 15. Qxe4 Nf5 16. O-O Nxe3 17. fxe3 Re8 18. Qf4 Qg6 19. Rae1 h5 20. e4 h4 21. e5 h3 22. g3 a6 23. Bf7 Ref8 24. Bxg6 Rxf4 25. Rxf4 1-0


[Site "https://www.chess.com"]

[Event "Titled Tuesday Blitz February 28 Early 2023"]
[White "Ricaurte Lopez, Juan Carlos"]
[Black "Einarsson, Halldor Gretar"]
[WhiteFideId "3600327"]
[BlackFideId "2300150"]
[WhiteElo "2209"]
[BlackElo "2126"]
[Result "1-0"]
[Round "05"]
[TimeControl "180+2"]
[Date "2023.02.28"]
[WhiteClock "0:00:15"]
[BlackClock "0:00:03"]

1. e4 c5 2. Nf3 Nc6 3. d4 cxd4 4. Nxd4 Nf6 5. Nc3 e5 6. Ndb5 d6 7. Nd5 Nxd5 8. exd5 Nb8 9. c4 a6 10. Nc3 g6 11. Bd3 Bg7 12. O-O O-O 13. Qe2 f5 14. f4 Nd7 15. Be3 Re8 16. Qf2 exf4 17. Bxf4 Ne5 18. Bxe5 Bxe5 19. Rac1 Qf6 20. Kh1 Bd7 21. Rc2 Rac8 22. g4 Bd4 23. Qg2 Re3 24. Rd2 Bxc3 25. bxc3 Qxc3 26. Bxf5 Bxf5 27. gxf5 Rf8 28. Rdf2 Kg7 29. fxg6 Rxf2 30. Qxf2 hxg6 31. Qf8+ Kh7 32. Rf7+ 1-0


[Site "https://www.chess.com"]

[Event "Titled Tuesday Blitz February 28 Early 2023"]
[White "parintele_chess"]
[Black "Kriti Mayur Patel"]
[BlackFideId "35061780"]
[WhiteElo "2241"]
[BlackElo "1306"]
[Result "0-1"]
[Round "05"]
[TimeControl "180+2"]
[Date "2023.02.28"]
[WhiteClock "0:00:06"]
[BlackClock "0:01:38"]

1. d4 d5 2. c4 e6 3. Nc3 Nf6 4. cxd5 exd5 5. Bg5 Be7 6. e3 O-O 7. Bd3 c6 8. Nf3 Nbd7 9. Qc2 Re8 10. O-O Nf8 11. Ne5 Be6 12. f4 Ng4 13. Bxe7 Qxe7 14. Rae1 f6 15. Nxg4 Bxg4 16. h3 Bh5 17. g4 Bg6 18. f5 Bf7 19. e4 Qd6 20. Qf2 Rad8 21. Qf4 dxe4 22. Rxe4 Rxe4 23. Qxd6 Rxg4+ 24. hxg4 Rxd6 25. Re1 Rxd4 26. Bc2 Rxg4+ 27. Kf2 Nd7 28. Re7 Rd4 29. Bb3 Bxb3 30. axb3 Kf8 31. Re6 Rd2+ 32. Ke3 Rxb2 33. Rd6 Ne5 34. Ne4 Rxb3+ 35. Kf4 Rf3# 0-1


[Site "https://www.chess.com"]

[Event "Titled Tuesday Blitz February 28 Early 2023"]
[White "Lazavik, Denis"]
[Black "Nakamura, Hikaru"]
[WhiteFideId "13515110"]
[BlackFideId "2016192"]
[WhiteElo "2560"]
[BlackElo "2879"]
[Result "1/2-1/2"]
[Round "06"]
[TimeControl "180+2"]
[Date "2023.02.28"]
[WhiteClock "0:00:06"]
[BlackClock "0:00:10"]

1. d4 d6 2. Nf3 f5 3. g3 g6 4. Bg2 Bg7 5. O-O Nf6 6. b3 O-O 7. Bb2 c6 8. c4 Qa5 9. Nc3 e5 10. Qd2 Qc7 11. d5 c5 12. Ng5 Qe7 13. Ne6 Bxe6 14. dxe6 e4 15. Nd5 Nxd5 16. cxd5 Bxb2 17. Qxb2 Na6 18. f3 exf3 19. Bxf3 Nc7 20. b4 cxb4 21. Qxb4 Na6 22. Qd4 Nc5 23. Kg2 Rac8 24. Rab1 Rc7 25. h4 h5 26. Rfd1 b6 27. Qf4 Kh7 28. Rd4 Rd8 29. a4 Rf8 30. Rb5 Nb7 31. Rb3 Rc2 32. Rbb4 Na5 33. Rd2 Rc5 34. Rd3 Kg7 35. Qd4+ Qf6 36. Qf4 Rd8 37. Rb1 Nc4 38. Rc1 Rdc8 39. Rdc3 Ne5 40. Rxc5 Rxc5 41. Rxc5 bxc5 42. Qd2 c4 43. Qb2 Qe7 44. Qb8 a5 45. Qb6 c3 46. Qxa5 g5 47. Qxc3 gxh4 48. gxh4 Qxh4 49. a5 Kg6 50. a6 Qa4 51. e7 Kf7 52. Qc7 Nxf3 53. exf3 Qa2+ 54. Kh3 Qxd5 55. a7 Qxf3+ 56. Kh2 Qf2+ 57. Kh1 Qf1+ 58. Kh2 Qf2+ 59. Kh1 Qf1+ 60. Kh2 Qf2+ 1/2-1/2


[Site "https://www.chess.com"]

[Event "Titled Tuesday Blitz February 28 Early 2023"]
[White "Carlsen, Magnus"]
[Black "Sadhwani, Raunak"]
[WhiteFideId "1503014"]
[BlackFideId "35093487"]
[WhiteElo "2852"]
[BlackElo "2631"]
[Result "1-0"]
[Round "06"]
[TimeControl "180+2"]
[Date "2023.02.28"]
[WhiteClock "0:00:47"]
[BlackClock "0:00:03"]

1. d4 Nf6 2. Bf4 d5 3. e3 c5 4. c3 Nc6 5. Nd2 Bg4 6. Qb3 Qc8 7. Ngf3 e6 8. Ne5 Nxe5 9. Bxe5 Nd7 10. Bf4 Be7 11. h3 Bh5 12. Qc2 Bg6 13. Bd3 Bxd3 14. Qxd3 O-O 15. O-O Qc6 16. a4 Bd6 17. Bxd6 Qxd6 18. Rfd1 Nf6 19. e4 cxd4 20. Qxd4 e5 21. Qd3 Rfd8 22. exd5 Qxd5 23. Qxd5 Nxd5 24. Nc4 f6 25. Rd2 Nb6 26. Nxb6 axb6 27. Rad1 Rxd2 28. Rxd2 Rxa4 29. Rd8+ Kf7 30. Rd7+ Kg6 31. Rxb7 Ra6 32. g4 h5 33. Kg2 hxg4 34. hxg4 Kh6 35. Kg3 g6 36. Kh4 e4 37. Rb8 Kg7 38. g5 fxg5+ 39. Kxg5 Ra5+ 40. Kf4 Rf5+ 41. Kxe4 Rxf2 42. Rxb6 g5 43. Ke3 Rf1 44. Rd6 Rf5 45. Rd2 Kg6 46. b4 g4 47. c4 Rf3+ 48. Kd4 g3 49. b5 Rf2 50. Rd3 g2 51. Rg3+ Kf5 52. Kd5 Rd2+ 53. Kc6 Kf4 54. Rg8 Kf3 55. b6 Rd4 56. Rxg2 Kxg2 57. c5 Rb4 58. Kb7 1-0


[Site "https://www.chess.com"]